 Dungeon Crawl Stone Soup version 0.26.1-2-gb8aa6d0cf2 (webtiles) character file.

Game seed: 14092944128625774434

375 Ladykiller69 the Skirmisher (level 6, -1/67 HPs)
             Began as an Ogre Hunter on Mar 15, 2021.
             Slain by a sky beast (6 damage)
             ... on level 5 of the Dungeon.
             The game lasted 00:12:02 (5451 turns).

Ladykiller69 the Skirmisher (Ogre Hunter)           Turns: 5451, Time: 00:12:03

Health: -1/67      AC:  3    Str: 18    XL:     6   Next: 73%
Magic:  6/6        EV: 10    Int: 12    God:
Gold:   227        SH:  0    Dex: 10    Spells: 5/5 levels left

rFire    . . .     SeeInvis .   o - +1 flail
rCold    . . .     Faith    .   (no shield)
rNeg     . . .     Spirit   .   b - +0 robe
rPois    .         Reflect  .   (helmet restricted)
rElec    .         Harm     .   (no cloak)
rCorr    .         Rampage  .   (gloves unavailable)
Will     .....                  (boots unavailable)
Stlth    +.........             u - amulet of inaccuracy (curse)
HPRegen  0.21/turn              (no ring)
MPRegen  0.10/turn              (no ring)

@: no status effects
A: large, unfitting armour, tough skin 1
a: no special abilities


You were on level 5 of the Dungeon.
You visited 1 branch of the dungeon, and saw 5 of its levels.

You collected 227 gold pieces.

Inventory:

Hand Weapons
 o - a +1 flail (weapon)
 s - a +1 war axe of flaming
Missiles
 a - 170 stones
 d - a throwing net (quivered)
 j - a javelin
 r - 16 boomerangs
Armour
 b - a +0 robe (worn)
Jewellery
 q - an uncursed ring of fire
 t - an uncursed amulet of guardian spirit
 u - a cursed amulet of inaccuracy (around neck)
Wands
 p - a wand of acid (10)
Scrolls
 e - a scroll of fear
 f - 6 scrolls of identify
 i - 3 scrolls of teleportation
 k - 3 scrolls of noise {unknown}
 l - a scroll of remove curse {unknown}
 n - 2 scrolls of enchant weapon
 w - a scroll of fog {unknown}
Potions
 g - a potion of mutation
 h - a potion of resistance {unknown}
 m - 2 potions of degeneration {unknown}
 v - a potion of brilliance {unknown}


   Skills:
 + Level 5.9 Fighting
 * Level 4.4 Maces & Flails
 - Level 4.0 Throwing
 - Level 2.1 Dodging
 - Level 0.6 Stealth


You had 5 spell levels left.
You didn't know any spells.
Your spell library was empty.

Dungeon Overview and Level Annotations

Branches:
Dungeon (5/15)
 Temple: D:4-7

Altars:
Hepliaklqana
Kikubaaqudgha
Xom

Annotations:
D:4 1 runed translucent door, Crazy Yiuf


Innate Abilities, Weirdness & Mutations

You are too large for most types of armour.
You have tough skin. (AC +1)


Message History

The sky beast barely misses you.
Throw: large rock
Press: ? - help, Q - select action, (/) - cycle Shift-Dir - straight line, f/p - sky beast
Aim: a sky beast (rain, heavily wounded, 31% to hit)
You throw a large rock.
The large rock barely misses the sky beast.
The sky beast closely misses you.
Throw: 171 stones
Press: ? - help, Q - select action, (/) - cycle Shift-Dir - straight line, f/p - sky beast
Aim: a sky beast (heavily wounded, 31% to hit)
You throw a stone. The stone closely misses the sky beast.
The sky beast hits you but does no damage.
Throw: 2 throwing nets
Press: ? - help, Q - select action, (/) - cycle Shift-Dir - straight line, f/p - sky beast
Aim: a sky beast (heavily wounded, 31% to hit)
You throw a throwing net. The throwing net misses the sky beast.
The sky beast hits you.
* * * LOW HITPOINT WARNING * * *
The sky beast shocks you.
You die...

....(....# ##.# ######
.....(...## #.## ##....#
..........# ##.# ##.....##
..........# #..# #.......#
..........# ##.## ##.......#
..........# #..# ##........#
.........# #.## #.........#
.......## #######.# #........##
#.......###(...Y@.####........#
###.###..(.)#####..##........##
# ##.....### ##..#........# #
#........## ##.........## ##
#.........# ##.......## ##.
#.............# ##......####..
#..............# ##....###....
#............... ##..##......
#.............## ##.....##..


You could see a sky beast.

Vanquished Creatures
  A centaur (D:4)
  A bullfrog zombie (D:5)
  A bullfrog skeleton (D:4)
  A centaur skeleton (D:4)
  A hound (D:5)
  An orc wizard (D:4)
  3 adders
  3 oozes (D:1)
  An adder skeleton (D:5)
  2 worms
  3 dart slugs
  12 orcs
  5 giant cockroaches
  8 goblins
  12 hobgoblins
  7 jackals
  5 kobolds
  A ball python (D:4)
  14 bats
  2 frilled lizards
  9 rats
93 creatures vanquished.

Notes
Turn   | Place    | Note
-------+----------+-------------------------------------------
     0 | D:1      | Ladykiller69 the Ogre Hunter began the quest for the Orb.
     0 | D:1      | Reached XP level 1. HP: 22/22 MP: 1/1
   375 | D:1      | Reached skill level 3 in Fighting
   391 | D:1      | Reached XP level 2. HP: 31/31 MP: 2/2
   755 | D:1      | Reached XP level 3. HP: 22/39 MP: 3/3
   764 | D:1      | Reached skill level 1 in Maces & Flails
   948 | D:1      | Reached skill level 4 in Fighting
  1438 | D:2      | Found an ancient bone altar of Kikubaaqudgha.
  1589 | D:2      | Reached XP level 4. HP: 46/48 MP: 4/4
  1959 | D:2      | Found a hazy altar of Hepliaklqana.
  2110 | D:2      | Found a shimmering altar of Xom.
  2118 | D:2      | Found a shimmering altar of Xom.
  2118 | D:2      | Found a bloodstained altar of Trog.
  2120 | D:2      | Found a sacrificial altar of Ru.
  2120 | D:2      | Found a glowing golden altar of the Shining One.
  2120 | D:2      | Found a glowing golden altar of the Shining One.
  3052 | D:3      | Reached XP level 5. HP: 55/55 MP: 5/5
  3297 | D:4      | Noticed a centaur
  3663 | D:4      | Killed a centaur
  3664 | D:4      | Reached skill level 5 in Fighting
  3664 | D:4      | Reached XP level 6. HP: 32/66 MP: 6/6
  3774 | D:4      | Noticed a phantom
  4634 | D:4      | Found a runed translucent door.
  4635 | D:4      | Noticed Crazy Yiuf
  4957 | D:5      | Entered Level 5 of the Dungeon
  5425 | D:5      | Noticed a sky beast
  5451 | D:5      | Slain by a sky beast

Illustrated notes

Levels and vault maps discovered:
D:1:      zaba_arrival_water, layout_rooms
D:2:      layout_basic, doesnt_xom_only_xom, lemuel_coloured_pillars_altar,
          old_standard_altar
D:3:      layout_basic
D:4:      layout_cave_pools, dk_noncrumbling_2, trog_eyes_of_draining,
          uniq_crazy_yiuf_cottage
D:5:      layout_cave_pods

Skill      XL: |  1  2  3  4  5  6 |
---------------+-------------------+-----
Fighting       | 3 4 5 |  5.9
Dodging        | 2 |  2.1
Maces & Flails | 1 2 3 4 |  4.4
Throwing       | |  4.0
Stealth        | |  0.6

Action                   |  1- 3 |  4- 6 || total
-------------------------+-------+-------++-------
Melee: Short sword       |    60 |       ||    60
       Club              |    97 |    63 ||   160
       Flail             |       |   144 ||   144
Throw: Stone             |    18 |    67 ||    85
       Boomerang         |       |     3 ||     3
       Javelin           |       |     2 ||     2
       Large rock        |       |     5 ||     5
       Throwing net      |       |     1 ||     1
  Use: Scroll            |       |     4 ||     4
 Stab: Sleeping          |     1 |       ||     1
Armor: Robe              |    60 |    43 ||   103
Dodge: Dodged            |    95 |   121 ||   216
